 Dungeon Crawl Stone Soup version 0.25.0-9-g26727b657a (webtiles) character file.

Game seed: 9513108326116141272

443 Revguard the Sneak (level 7, -1/41 HPs)
             Began as a Gargoyle Assassin on June 17, 2020.
             Was an Initiate of Ashenzari.
             Killed from afar by an orc wizard (7 damage)
             ... with a magic dart
             ... on level 4 of the Dungeon.
             The game lasted 00:09:28 (4043 turns).

Revguard the Sneak (Gargoyle Assassin)              Turns: 4043, Time: 00:09:29

Health: -1/41      AC: 10    Str: 14    XL:     7   Next: 2%
Magic:  16/16      EV: 12    Int: 12    God:    Ashenzari [......]
Gold:   177        SH:  0    Dex: 13    Spells: 6/6 levels left

rFire    . . .     SeeInvis .   g - +2 dagger (speed) (curse)
rCold    . . .     Gourm    .   (no shield)
rNeg     + . .     Faith    .   o - +0 leather armour (curse)
rPois    ∞         Spirit   .   r - +0 helmet
rElec    +         Reflect  .   c - +0 cloak
rCorr    .         Harm     .   (no gloves)
MR       .....                  (no boots)
Stlth    +++.......             (no amulet)
HPRegen  0.13/turn              n - ring of magical power (curse)
MPRegen  0.15/turn              (no ring)

@: very slightly contaminated, invisible
A: negative energy resistance 1, electricity resistance, unbreathing,
petrification resistance, rot immunity, AC +4
a: Curse Item, Renounce Religion


You were on level 4 of the Dungeon.
You worshipped Ashenzari.
Ashenzari was noncommittal.
You were hungry.

You visited 1 branch of the dungeon, and saw 4 of its levels.

You collected 177 gold pieces.

Inventory:

Hand Weapons
 a - a +2 dagger
 g - a cursed +2 dagger of speed (weapon)
Missiles
 d - 39 poisoned darts
 e - 2 curare-tipped darts (quivered)
Armour
 b - a +0 robe
 c - a +0 cloak (worn)
 o - a cursed +0 leather armour (worn)
 r - a +0 helmet (worn)
Jewellery
 n - a cursed ring of magical power (left hand)
Wands
 p - a wand of random effects (10)
Scrolls
 h - 4 scrolls of teleportation
 i - a scroll of blinking {unknown}
 j - a scroll of magic mapping {unknown}
 q - a scroll of identify
 t - 2 scrolls of fog {unknown}
Potions
 m - a potion of flight
Comestibles
 f - 5 rations


   Skills:
 + Level 3.5 Fighting
 + Level 3.6 Short Blades
 + Level 1.8 Throwing
 + Level 2.1 Armour
 * Level 2.8 Dodging
 + Level 6.0 Stealth


You had 6 spell levels left.
You didn't know any spells.
Your spell library contained the following spells:

 Spells                   Type           Power        Failure   Level  Hunger
 Animate Skeleton         Necr           N/A          38%         1    ##.....
 Pain                     Necr           #...         38%         1    ##.....
 Vampiric Draining        Necr           #.........   77%         3    ####...
 Animate Dead             Necr           N/A          99%         4    #####..
 Agony                    Necr           #.......     100%        5    ######.


Dungeon Overview and Level Annotations

Branches:
Dungeon (4/15)
 Temple: D:4-7

Altars:
Ashenzari
Ru
Wu Jian
Xom


Innate Abilities, Weirdness & Mutations

You are resistant to torment.
Your stone body is resilient. (AC +4)
You are immune to poison.
You resist negative energy. (rN+)
You are resistant to electric shocks. (rElec)
You can survive without breathing.
You are immune to petrification.
You are immune to rotting.


Message History

A puff of flame appears from out of thin air!
The puff of flame hits the orc priest!
The orc priest dies!
You have reached level 7!
You closely miss the orc. You barely miss the orc. The orc barely misses you.
You hit the orc but do no damage. Something hits you but does no damage.
You barely miss the orc. Something hits you but does no damage.
The orc barely misses you.
You strike the helpless orc from behind!
You puncture the orc!
You kill the orc!
Something hits you but does no damage.
You closely miss something. You barely miss something.
Something hits you but does no damage.
You miss something.
You hear some strange, mumbled words.
A magic dart appears from out of thin air!
The magic dart hits you!
You die...

#..# #.# #..# #.#
####..# #.#
....>.# #.#
####.## #.# # #.#
#.# #.## ## #.#
####.#######.....
.###.#
#......)..{....#
)÷[..#
#.##.....@...###
.##### #
########### ...
####


There were no monsters in sight!

Vanquished Creatures
  A scorpion (D:4)
  A howler monkey (D:4)
  3 orc priests
  A hound (D:4)
  3 worker ants (D:4)
  4 adders
  An ooze (D:1)
  An adder skeleton (D:4)
  2 dart slugs (D:1)
  2 leopard geckos
  18 orcs
  2 ball pythons
  6 bats
  5 giant cockroaches
  6 goblins
  6 hobgoblins
  4 jackals (D:1)
  9 kobolds
  3 quokkas
  A ball python skeleton (D:4)
  9 frilled lizards
  5 rats
93 creatures vanquished.

Vanquished Creatures (others)
  An orc priest (D:4)
  An orc (D:2)
2 creatures vanquished.

Grand Total: 95 creatures vanquished

Notes
Turn   | Place    | Note
-------+----------+-------------------------------------------
     0 | D:1      | Revguard the Gargoyle Assassin began the quest for the Orb.
     0 | D:1      | Reached XP level 1. HP: 12/12 MP: 1/1
   132 | D:1      | Reached XP level 2. HP: 12/17 MP: 2/2
   348 | D:1      | Reached skill level 5 in Stealth
   579 | D:1      | Reached skill level 1 in Dodging
   582 | D:1      | Reached XP level 3. HP: 21/21 MP: 3/3
  1333 | D:2      | Found an ornate altar of the Wu Jian Council.
  1336 | D:2      | Found a shimmering altar of Xom.
  1336 | D:2      | Found a basalt altar of Yredelemnul.
  1338 | D:2      | Found a glowing silver altar of Zin.
  1338 | D:2      | Found an ornate altar of the Wu Jian Council.
  1338 | D:2      | Found a snail-covered altar of Cheibriados.
  1483 | D:2      | Reached XP level 4. HP: 27/27 MP: 4/4
  1617 | D:2      | Found a shattered altar of Ashenzari.
  1618 | D:2      | Found a shimmering altar of Xom.
  1619 | D:2      | Found a sacrificial altar of Ru.
  1642 | D:2      | Became a worshipper of Ashenzari the Shackled
  1897 | D:3      | Found an ornate altar of the Wu Jian Council.
  2083 | D:3      | Reached XP level 5. HP: 32/32 MP: 5/5
  2953 | D:4      | Reached skill level 1 in Armour
  3026 | D:4      | Reached XP level 6. HP: 23/37 MP: 6/6
  3627 | D:4      | Reached skill level 6 in Stealth
  4034 | D:4      | Reached XP level 7. HP: 5/41 MP: 7/7
  4043 | D:4      | Killed from afar by an orc wizard

Illustrated notes

Levels and vault maps discovered:
D:1:      nagdon_arrival_zigzag_paths, layout_basic
D:2:      layout_rooms, chequers_temple_overflow_statue_of_worship,
          doesnt_xom_only_xom
D:3:      layout_basic, nicolae_overflow_hidden_temple, serial_corexii_hall,
          chequers_hall_statues_corner_a, chequers_hall_statues_wall_a
D:4:      layout_loops_ring, first_ration

Skill      XL: |  1  2  3  4  5  6 |
---------------+-------------------+-----
Stealth        | 5 6 |  6.0
Dodging        | 1 2 |  2.8
Short Blades   | 2 3 |  3.6
Fighting       | 3 |  3.5
Armour         | 1 2 |  2.1
Throwing       | |  1.8

Action                   |  1- 3 |  4- 6 |  7- 9 || total
-------------------------+-------+-------+-------++-------
Melee: Dagger            |   108 |   317 |     8 ||   433
Throw: Dart              |       |     2 |       ||     2
Invok: Curse Item        |       |     3 |       ||     3
  Use: Potion            |       |     5 |       ||     5
       Scroll            |       |     4 |       ||     4
 Stab: Sleeping          |     4 |     6 |       ||    10
       Distracted        |       |     1 |       ||     1
       Invisible         |       |       |     1 ||     1
  Eat: Chunk             |     2 |     7 |       ||     9
Armor: Robe              |    31 |       |       ||    31
       Leather armour    |     4 |    96 |     4 ||   104
Dodge: Dodged            |    43 |   151 |     2 ||   196
